 Dungeon Crawl Stone Soup version 0.30-a0-297-g0ec75d9ef4 (webtiles) character file.

Game seed: 10740813991463186189

2217 lunkers the Cleaver (level 9, -29/62 HPs)
             Began as a Meteoran Earth Elementalist on Oct 20, 2022.
             Annihilated by an orc warlord
             ... wielding a +4 battleaxe
              (31 damage)
             ... in a bailey.
             The game lasted 00:06:14 (2822 turns).

lunkers the Cleaver (Meteoran Earth Elementalist)   Turns: 2822, Time: 00:06:15

Health: -29/62     AC: 12    Str: 14    XL:     9   Next: 92%
Magic:  0/17       EV: 11    Int: 25    God:
Gold:   265        SH:  4    Dex: 17    Spells: 8/18 levels left

rFire   . . .      SeeInvis .    r - +2 broad axe (elec)
rCold   . . .      Faith    .    t - +0 buckler
rNeg    . . .      Spirit   +    q - +5 ring mail of the Wizarding Gods {rCorr Str+2 Dex+2 Slay-2}
rPois   .          Reflect  .    (no helmet)
rElec   .          Harm     .    c - +0 cloak
rCorr   +          Rampage  .    p - +0 pair of gloves
Will    +....                    (no boots)
Stlth   +.........               u - amulet of guardian spirit
HPRegen 0.30/turn                F - +6 ring of intelligence
MPRegen 0.15/turn                (no ring)

@: about to teleport, very slightly contaminated, glowing
A: sense surroundings 2, otherworldly, glowing, explore regen
a: no special abilities


You were in a bailey.
You visited 1 branch of the dungeon, and saw 7 of its levels.
You also visited: Bailey.

You collected 265 gold pieces.

Inventory:

Hand Weapons
 l - a +2 vampiric whip
 r - a +2 broad axe of electrocution (weapon)
Armour
 a - a +0 robe
 c - a +0 cloak (worn)
 p - a +0 pair of gloves (worn)
 q - the +5 ring mail of the Wizarding Gods (worn) {rCorr Str+2 Dex+2 Slay-2}
   (You found it on level 3 of the Dungeon)

   Str:       It affects your strength (+2).
   Dex:       It affects your dexterity (+2).
   Slay:      It affects your accuracy & damage with ranged weapons and melee
   (-2).
   rCorr:     It protects you from acid and corrosion.
 t - a +0 buckler (worn)
 y - a +0 kite shield
Magical Staves
 g - a staff of air
Jewellery
 u - an amulet of guardian spirit (around neck)
 F - a +6 ring of intelligence (left hand)
Wands
 j - a wand of flame (29)
 w - a wand of roots (9)
Scrolls
 d - 3 scrolls of magic mapping
 e - 4 scrolls of teleportation
 i - a scroll of identify {unknown}
 k - 2 scrolls of immolation {unknown}
 m - a scroll of enchant armour {unknown}
 A - a scroll of noise {unknown}
 D - a scroll of blinking {unknown}
 G - a scroll of brand weapon {unknown}
Potions
 b - a potion of magic
 h - a potion of curing {unknown}
 n - a potion of cancellation {unknown}
 o - a potion of lignification {unknown}
 s - 3 potions of attraction {unknown}
 v - 2 potions of haste {unknown}
 z - 2 potions of invisibility {unknown}
 B - a potion of berserk rage {unknown}
 C - a potion of brilliance {unknown}
 E - a potion of might {unknown}


   Skills:
 * Level 12.2 Axes
 - Level 2.4 Dodging
 - Level 1.4 Stealth
 - Level 5.0 Spellcasting
 - Level 1.2 Transmutations
 - Level 7.1 Earth Magic


You had 8 spell levels left.
You knew the following spells:

 Your Spells              Type           Power      Damage    Failure   Level
b - Passwall              Tmut/Erth      22%        N/A       6%          2
c - Stone Arrow           Conj/Erth      48%        3d10      16%         3
d - Petrify               Tmut/Erth      27%        N/A       38%         4
p - Sandblast             Erth           84%        2d18      1%          1

Your spell library contained the following spells:

 Spells                   Type           Power      Damage    Failure   Level
 Shock                    Conj/Air       24%        1d4       24%         1
 Cigotuvi's Dreadful Rot  Necr/Pois/Air  12%        N/A       34%         2
 Poisonous Vapours        Pois/Air       12%        N/A       34%         2
 Mephitic Cloud           Conj/Pois/Air  6%         N/A       56%         3
 Swiftness                Air            6%         N/A       56%         3
 Airstrike                Air            3%         2d(1-17)  93%         4
 Anguish                  Hex/Necr       3%         N/A       93%         4
 Enfeeble                 Hex            3%         N/A       100%        7


Dungeon Overview and Level Annotations

Branches:
Dungeon (7/15) Zot: 1482   Bailey (1/1) Zot: 402
 Temple: D:4-7

Altars:
Cheibriados

Annotations:
D:3 3 runed translucent doors, lunkers's ghost, amateur MeEE


Innate Abilities, Weirdness & Mutations

You passively map the area around you.
You are easily found by Zot.
You glow in the dark.
You regain HP and MP as you explore.


Message History

The orc warlord hits you with a +4 battleaxe.
* * * LOW HITPOINT WARNING * * *
The goblin closely misses you.
Unknown command.
Casting: Stone Arrow (dangerous; 16% risk of failure)
Confirm with . or Enter, or press ? or * to list all spells.
Aiming: Stone Arrow (dangerous; 16% risk of failure)
Press: ? - help, Shift-Dir - straight line, f/p - orc warlord
Aim: an orc warlord, wielding a +4 battleaxe and wearing a +0 chain mail (moderately wounded, 79% to hit)
You miscast Stone Arrow.
Nothing appears to happen.
* * * LOW MAGIC WARNING * * *
You block the orc warlord's attack. The goblin hits you but does no damage.
Unknown command.
Casting: Stone Arrow (dangerous; 16% risk of failure)
Confirm with . or Enter, or press ? or * to list all spells.
You don't have enough magic to cast this spell.
Unknown command.
Unknown command.
Unknown command.
Unknown command.
As you read the scroll labelled AQOARPH TYEL PAFEFF, it crumbles to dust.
You feel aware of your surroundings.
It was a scroll of magic mapping.
The orc warlord misses you. The goblin hits you with a +0 hand axe.
* * * LOW HITPOINT WARNING * * *
As you read the scroll labelled PYMION IBLO, it crumbles to dust.
The scroll dissolves into smoke.
It was a scroll of fog.
The orc warlord closely misses you. The goblin closely misses you.
As you read the scroll labelled ZANYHIDEVU, it crumbles to dust.
You feel strangely unstable.
It was a scroll of teleportation.
The orc warlord hits you with a +4 battleaxe!
* * * LOW MAGIC WARNING * * *
* * * LOW HITPOINT WARNING * * *
The goblin hits you but does no damage.
Okay, then.
Okay, then.
The goblin attacks as you move away! The goblin barely misses you.
The orc warlord attacks as you move away!
The orc warlord hits you with a +4 battleaxe!!
Ouch! That really hurt!
You die...

##.....#~~#~.,...:~#.(
##....#~........?~#.)
#...##~8.8...8.8##..
#...'~~.........#...
#...'~~....∩....#..)
#...'~~........o#...
#..§##~8.8...8.8##..
##.go§#~....,...?~#..
##.§§@§#~~#~.,...)~#.(
##..§§§§####~~~#~~~##..
#...8§§§§.)#########...
#...§§....)(.....'....8
#..........#)~~~~#.....
##..8..8...#~~~~~#.....
##.......##~~)~~##...8
##.....##.......##...
##...##.........##..


You could see an orc warlord and a goblin.

Vanquished Creatures
  Pikel (D:6)
  A water moccasin (D:5)
  5 orc warriors (Bailey)
  A black bear (D:6)
  A sky beast (D:7)
  An ogre (D:4)
  2 bullfrogs (D:7)
  A necrophage (D:5)
  2 scorpions
  A hound (D:5)
  3 orc priests
  A jelly (D:5)
  A gnoll bouda (D:6)
  3 iguanas (D:6)
  Natasha (twice) (D:2)
  11 gnolls
  9 adders
  2 ufetubi
  A dart slug (D:4)
  13 orcs
  5 ball pythons
  5 bats
  An endoplasm (D:1)
  2 giant cockroaches
  7 goblins
  3 hobgoblins
  2 jackals (D:5)
  18 kobolds
  4 quokkas
  A frilled lizard (D:1)
  6 rats
116 creatures vanquished.

Notes
Turn   | Place    | Note
-------+----------+-------------------------------------------
     0 | D:1      | lunkers the Meteoran Earth Elementalist began the quest for
                  | the Orb.
     0 | D:1      | Reached XP level 1. HP: 14/14 MP: 5/5
   148 | D:1      | Reached XP level 2. HP: 20/20 MP: 1/6
   448 | D:2      | Reached XP level 3. HP: 26/26 MP: 5/8
   448 | D:2      | Noticed Natasha
   450 | D:2      | Found a snail-covered altar of Cheibriados.
   455 | D:2      | Killed Natasha
   456 | D:2      | Reached skill level 5 in Earth Magic
   456 | D:2      | Reached XP level 4. HP: 33/33 MP: 2/10
   604 | D:2      | Noticed Natasha
   606 | D:2      | Killed Natasha
   607 | D:2      | Reached XP level 5. HP: 38/38 MP: 8/11
   849 | D:3      | Learned a level 2 spell: Passwall
   853 | D:3      | Learned a level 3 spell: Stone Arrow
   858 | D:3      | Learned a level 4 spell: Petrify
   888 | D:3      | Reached XP level 6. HP: 37/45 MP: 9/13
   992 | D:3      | Found a runed translucent gate.
   993 | D:3      | Found a runed translucent gate.
  1004 | D:3      | Identified the +5 ring mail of the Wizarding Gods {rCorr
                  | Str+2 Dex+2 Slay-2}
  1042 | D:3      | Found a runed translucent gate.
  1045 | D:3      | Noticed lunkers's ghost (amateur MeEE)
  1376 | D:4      | Noticed an ogre
  1378 | D:4      | Killed an ogre
  1379 | D:4      | Reached skill level 5 in Spellcasting
  1391 | D:4      | Reached XP level 7. HP: 50/50 MP: 15/15
  1395 | D:4      | Reached skill level 2 in Axes
  1678 | D:5      | Entered Level 5 of the Dungeon
  1768 | D:5      | Reached skill level 3 in Axes
  1853 | D:5      | Reached skill level 4 in Axes
  2066 | D:5      | Noticed a water moccasin
  2073 | D:5      | Killed a water moccasin
  2074 | D:5      | Reached skill level 5 in Axes
  2074 | D:5      | Reached XP level 8. HP: 52/57 MP: 16/16
  2151 | D:5      | Reached skill level 6 in Axes
  2310 | D:6      | Reached skill level 7 in Axes
  2364 | D:6      | Noticed Pikel
  2374 | D:6      | Killed Pikel
  2375 | D:6      | Reached skill level 9 in Axes
  2375 | D:6      | Gained mutation: You passively map the area around you.
                  | [Meteoran growth]
  2375 | D:6      | Reached XP level 9. HP: 13/62 MP: 4/17
  2500 | D:6      | Reached skill level 10 in Axes
  2616 | D:7      | Found a flagged portal.
  2634 | Bailey   | Entered a bailey
  2640 | Bailey   | Noticed an orc warlord
  2643 | Bailey   | Reached skill level 11 in Axes
  2747 | Bailey   | Reached skill level 12 in Axes
  2763 | Bailey   | Found a runed translucent gate.
  2765 | Bailey   | Found a runed translucent gate.
  2767 | Bailey   | Found a runed translucent gate.
  2821 | Bailey   | HP: 2/62 [orc warlord/+4 battleaxe (11)]
  2822 | Bailey   | Annihilated by an orc warlord

Illustrated notes

Levels and vault maps discovered:
D:1:      eino_arrival_tree_alley, layout_basic
D:2:      layout_basic, basic_altar, uniq_natasha, uniq_crazy_yiuf_cottage
D:3:      layout_basic, biasface_ghost_orc_armoury
D:4:      layout_loops_ring
D:5:      layout_loops_ring, hangedman_glass_teeth
D:6:      layout_gridville, yredelemnul_forgotten_temple_becter, minivault_1,
          minmay_misc_feat_chi, uniq_maggie, uniq_edmund, uniq_pikel
D:7:      layout_loops_ring, temple_hall, enter_bailey_2,
          amcnicky_mini_rare_corridor_liquid, minmay_misc_feat_room
Bailey:   bailey_axe_bossmonster_kennysheep, bailey

Skill      XL: |  1  2  3  4  5  6  7  8  9 |
---------------+----------------------------+-----
Earth Magic    | 4 5 6 7 |  7.1
Spellcasting   | 3 4 5 |  5.0
Axes           | 5 9 12 | 12.2
Dodging        | |  2.4
Stealth        | |  1.4
Transmutations | |  1.2

Action                   |  1- 3 |  4- 6 |  7- 9 || total
-------------------------+-------+-------+-------++-------
Melee: Unarmed           |     1 |       |       ||     1
       Broad axe         |       |       |   113 ||   113
 Cast: Sandblast         |    22 |    64 |    59 ||   145
       Stone Arrow       |       |       |     3 ||     3
Evoke: Wand              |       |       |     2 ||     2
  Use: Scroll            |       |       |     3 ||     3
       Potion            |       |       |     2 ||     2
Armor: Robe              |     3 |     3 |       ||     6
       Ring mail         |       |     4 |    73 ||    77
Dodge: Dodged            |     7 |    16 |    80 ||   103
Block: Buckler           |       |       |    35 ||    35

Table legend: (Time is in decaauts)
 A = Elapsed time spent in this place.
 B = Non-inter-level travel time spent in this place.
 C = Inter-level travel time spent in this place.
 D = Time resting spent in this place.
 E = Time spent auto-exploring this place.
 F = Levels seen in this place.
 G = Mean time per level.
                   A        B        C        D        E       F      G
               +--------+--------+--------+--------+--------+-----+--------+
         Total |   2914 |   2808 |    106 |      0 |   1993 |   8 |  364.2 |
       Dungeon |   2717 |   2611 |    106 |      0 |   1990 |   7 |  388.1 |
        Bailey |    197 |    197 |      0 |      0 |      3 |   1 |  197.0 |
               +--------+--------+--------+--------+--------+-----+--------+

Top non-repeatable levels by time:
     D:3: 554 daAuts
     D:5: 506 daAuts
     D:1: 412 daAuts
     D:4: 385 daAuts
     D:2: 370 daAuts
     D:6: 369 daAuts
  Bailey: 197 daAuts
     D:7: 119 daAuts
